 Dungeon Crawl Stone Soup version 0.31-a0-210-gccc998df9b (webtiles) character file.

Game seed: 17456170845205487627

823 qw the Shooter (level 7, -15/43 HPs)
             Began as a Gargoyle Hexslinger on June 30, 2023.
             Was a Follower of Okawaru.
             Demolished by an ogre
             ... wielding a +0 giant club
              (17 damage)
             ... on level 5 of the Dungeon.
             The game lasted 00:01:54 (3763 turns).

qw the Shooter (Gargoyle Hexslinger)                Turns: 3763, Time: 00:01:54

Health: -15/43     AC: 15    Str: 12    XL:     7   Next: 96%
Magic:  6/8        EV: 13    Int: 13    God:    Okawaru [*.....]
Gold:   340        SH:  0    Dex: 14    Spells: 7/8 levels left

rFire   . . .        j - +1 sling (heavy)
rCold   . . .        (no shield)
rNeg    + . .        g - +0 ring mail
rPois   inf          f - +0 helmet
rElec   +            (no cloak)
rCorr   .            k - +0 pair of gloves
SInv    .            l - +0 pair of boots
Will    .....        (no amulet)
Stlth   ++           (no ring)
HPRegen 0.27/turn    (no ring)
MPRegen 0.11/turn

%: no passive effects
@: about to teleport, heroic
A: sickness immunity, AC +4, negative energy resistance 1, electricity
resistance, torment resistance 1, petrification resistance
a: Renounce Religion, Heroism


You were on level 5 of the Dungeon.
You worshipped Okawaru.
Okawaru was aware of your devotion.
You visited 1 branch of the dungeon, and saw 5 of its levels.
You also visited: Sewer.

You collected 340 gold pieces.


Innate Abilities, Weirdness & Mutations

You are immune to sickness and miasma.
Your stone body is resilient. (AC +4)
You are immune to poison.
You resist negative energy. (rN+)
You are resistant to electric shocks. (rElec)
You are resistant to unholy torment.
You are immune to petrification.


   Skills:
 - Level 4.2(9.2) Fighting
 + Level 7.5(12.5) Ranged Weapons
 - Level 2.2(7.2) Armour
 - Level 1.5(6.5) Dodging
 - Level 1.0 Spellcasting
 - Level 2.6 Hexes
 + Level 1.0 Invocations


You had 7 spell levels left.
You knew the following spells:

 Your Spells              Type           Power      Damage    Failure   Level
a - Slow                  Hex            28%        N/A       19%         1

Your spell library contained the following spells:

 Spells                   Type           Power      Damage    Failure   Level
 Inner Flame              Hex/Fire       4%         N/A       67%         3
 Portal Projectile        Hex/Tloc       8%         N/A       67%         3
 Cause Fear               Hex            3%         N/A       88%         4

Inventory:

Hand Weapons
 j - a +1 heavy sling (weapon)
Armour
 f - a +0 helmet (worn)
 g - a +0 ring mail (worn)
 k - a +0 pair of gloves (worn)
 l - a +0 pair of boots (worn)
Jewellery
 p - a +5 ring of evasion
 q - a ring of protection from cold
Scrolls
 c - a scroll of identify
 h - a scroll of teleportation
Potions
 a - a potion of heal wounds
 b - a potion of might {unknown}
 d - a potion of enlightenment
 e - 2 potions of lignification {unknown}
 i - a potion of invisibility {unknown}
 m - 2 potions of magic {unknown}
 n - a potion of degeneration {unknown}
 o - a potion of curing {unknown}

Dungeon Overview and Level Annotations

Branches:
Dungeon (5/15)              Sewer (visited)
 Temple: D:4-7

Altars:
Fedhas
Hepliaklqana
Kikubaaqudgha
Nemelex Xobeh
Okawaru
Trog
Wu Jian
The Shining One

Shops:
D:2 (


Message History

You are frozen.
The endoplasm closely misses you.
You shoot a sling bullet. The sling bullet hits the endoplasm!
You kill the endoplasm!
Okawaru accepts your kill.
You start resting.
HP restored.
There is an open door here.
There is an open door here.
You open the door.
An ogre comes into view. It is wielding a +0 giant club.
The ogre shouts!
Enter note:
Enter note:
Enter note:
Enter note:
Enter note:
Enter note:
Enter note:
Enter note:
Enter note:
Enter note:
Enter note:
Enter note:
Enter note:
Enter note:
Enter note:
3760 ||| INVOKING Heroism.
You gain the combat prowess of a mighty hero.
You shoot a sling bullet. The sling bullet hits the ogre!
The ogre is moderately wounded.
The ogre hits you with a +0 giant club!!
Ouch! That really hurt!
You shoot a sling bullet. The sling bullet hits the ogre.
The ogre is heavily wounded.
The ogre hits you with a +0 giant club!
3763 ||| READING 2 scrolls of teleportation.
As you read the scroll of teleportation, it crumbles to dust.
You feel strangely unstable. The ogre hits you with a +0 giant club!
You die...

.##........# ####.....#.....#.
.##........#########.....#.....##
.'.........##.....##.....#.....#
.##........#..###........#.###.#
.##........#.##.##.......#.# #.#
###..........#.. #.......#.# #.#
..#####.#..####.####..####.###.#
#.# #.#.##..#O#..##...........
#.# #.#.#...'.@._.#..#######..
#.# #...##.##.##.##..# ### #.#
#.#..###.#.###...# #.#
#........#.....### #.#
#######.###.#### #.# #.....#
#.###############.#
#.................#
##############.####


You could see an ogre.

Vanquished Creatures
  A water moccasin (Sewer)
  An ice beast (D:5)
  2 scorpions
  A howler monkey (D:5)
  2 hounds (D:5)
  A jelly (D:4)
  2 orc priests (D:5)
  An iguana (D:2)
  A sleepcap (D:4)
  An orc wizard (D:5)
  Robin (D:3)
  8 adders
  3 gnolls (D:5)
  3 ufetubi
  6 worms
  2 dart slugs
  5 orcs
  6 bats
  6 endoplasms
  5 giant cockroaches
  12 goblins
  5 hobgoblins
  11 jackals
  9 quokkas
  5 ball pythons
  2 frilled lizards
  8 kobolds
  5 rats
115 creatures vanquished.

Notes
Turn   | Place    | Note
-------+----------+-------------------------------------------
     0 | D:1      | qw the Gargoyle Hexslinger began the quest for the Orb.
     0 | D:1      | Reached XP level 1. HP: 12/12 MP: 2/2
     0 | D:1      | 0 ||| qw: Version: 0.3-a-26-gee661ec
     0 | D:1      | 0 ||| qw: Game counter: 7164
     0 | D:1      | 0 ||| qw: Melee chars always use a shield: true
     0 | D:1      | 0 ||| qw: God list: Okawaru
     0 | D:1      | 0 ||| qw: Allow faded altars: false
     0 | D:1      | 0 ||| qw: Do Orc after clearing Dungeon:15 true
     0 | D:1      | 0 ||| qw: Do second Lair branch before Depths: true
     0 | D:1      | 0 ||| qw: Lair rune preference: random
     0 | D:1      | 0 ||| qw: Goals: Normal
     0 | D:1      | 0 ||| PLANNING D:1-11
   232 | D:1      | Reached XP level 2. HP: 16/16 MP: 3/3
   291 | D:1      | Reached skill level 3 in Ranged Weapons
   750 | D:1      | 750 ||| UPGRADING to +0 helmet.
   755 | D:1      | 755 ||| UPGRADING to +0 leather armour.
   765 | D:1      | 765 ||| DROPPING +0 robe.
   766 | D:1      | 766 ||| READING scroll labelled BOSOCW RICAI.
   767 | D:1      | 767 ||| READING scroll labelled YZEPUFE KAWNATHUJI.
   778 | D:1      | 778 ||| READING 2 scrolls labelled XIBANOH HONI.
   782 | D:1      | 782 ||| DROPPING scroll of poison.
   848 | D:2      | Reached XP level 3. HP: 21/21 MP: 4/4
  1152 | D:2      | Reached XP level 4. HP: 26/26 MP: 5/5
  1222 | D:2      | Reached skill level 4 in Ranged Weapons
  1253 | D:2      | Found a faded altar of an unknown god.
  1270 | D:2      | Found Uniteb's Antique Weapon Emporium.
  1422 | D:2      | 1422 ||| READING scroll labelled MIAPSA TOATISO.
  1423 | D:2      | 1423 ||| READING 2 scrolls labelled EPPAECLEUTUSCH.
  1424 | D:2      | 1424 ||| DRINKING 2 sapphire potions.
  1425 | D:2      | 1425 ||| DRINKING 3 white potions.
  1426 | D:2      | 1426 ||| DROPPING 2 potions of brilliance.
  1445 | D:3      | 1445 ||| STAIRDANCE
  1471 | D:3      | 1471 ||| STAIRDANCE
  1487 | D:3      | 1487 ||| STAIRDANCE
  1500 | D:2      | Reached XP level 5. HP: 14/30 MP: 6/6
  1686 | D:3      | Reached skill level 5 in Ranged Weapons
  1887 | D:3      | Found a glowing golden altar of the Shining One.
  1903 | D:3      | Reached skill level 3 in Fighting
  2209 | D:3      | Reached XP level 6. HP: 37/37 MP: 7/7
  2209 | D:3      | Noticed Robin
  2213 | D:3      | Killed Robin
  2317 | D:3      | 2317 ||| READING scroll labelled WUCKUN HETHRUOR.
  2318 | D:3      | 2318 ||| READING scroll labelled HEUNIO ERPHIW.
  2319 | D:3      | 2319 ||| READING scroll labelled BERCHU HEUVOOFF.
  2320 | D:3      | 2320 ||| READING scroll labelled ISEARCH NEISINK.
  2346 | D:4      | 2346 ||| PLANNING SEWER
  2443 | D:4      | 2443 ||| Stepping ~*~*~tactically~*~*~ (water).
  2446 | D:4      | 2446 ||| Stepping ~*~*~tactically~*~*~ (water).
  2458 | D:4      | Found a glowing drain.
  2467 | D:4      | 2467 ||| Stepping ~*~*~tactically~*~*~ (water).
  2473 | Sewer    | Entered a sewer
  2498 | Sewer    | Noticed a water moccasin
  2503 | Sewer    | Killed a water moccasin
  2504 | Sewer    | Reached skill level 6 in Ranged Weapons
  2547 | D:4      | 2547 ||| PLANNING D:1-11
  2566 | D:4      | Reached skill level 1 in Armour
  2566 | D:4      | Reached XP level 7. HP: 41/41 MP: 8/8
  2800 | D:4      | Found an ornate altar of the Wu Jian Council.
  2913 | D:4      | Found a blossoming altar of Fedhas.
  2913 | D:4      | Found a bloodstained altar of Trog.
  2914 | D:4      | Found an iron altar of Okawaru.
  2915 | D:4      | 2915 ||| PLANNING OKAWARU WORSHIP
  2915 | D:4      | 2915 ||| UPGRADING to +0 ring mail.
  2925 | D:4      | 2925 ||| DROPPING +0 leather armour.
  2926 | D:4      | 2926 ||| UPGRADING to +0 pair of gloves.
  2931 | D:4      | 2931 ||| UPGRADING to +0 pair of boots.
  2936 | D:4      | 2936 ||| READING 2 scrolls of identify.
  2936 | D:4      | 2936 ||| IDENTIFYING smoky green potion
  2943 | D:4      | Became a worshipper of Warmaster Okawaru
  2944 | D:4      | 2944 ||| PLANNING D:1-11
  3172 | D:5      | Entered Level 5 of the Dungeon
  3183 | D:5      | 3183 ||| FLEEEEING.
  3184 | D:5      | 3184 ||| FLEEEEING.
  3185 | D:5      | 3185 ||| FLEEEEING.
  3186 | D:5      | 3186 ||| FLEEEEING.
  3187 | D:5      | 3187 ||| FLEEEEING.
  3188 | D:5      | 3188 ||| STAIRDANCE
  3407 | D:5      | Reached skill level 7 in Ranged Weapons
  3462 | D:5      | Found an ancient bone altar of Kikubaaqudgha.
  3483 | D:5      | Reached * piety under Okawaru
  3502 | D:5      | Reached skill level 1 in Invocations
  3648 | D:5      | Found a hazy altar of Hepliaklqana.
  3714 | D:5      | Found a sparkling altar of Nemelex Xobeh.
  3760 | D:5      | 3760 ||| INVOKING Heroism.
  3762 | D:5      | HP: 2/43 [ogre/+0 giant club (11)]
  3763 | D:5      | 3763 ||| READING 2 scrolls of teleportation.
  3763 | D:5      | Demolished by an ogre

Levels and vault maps discovered:
D:1:      dpeg_arrival_pits, layout_loops_ring
D:2:      layout_rooms, ebering_ecumenical_altar_sacrificial, serial_shops, shop
D:3:      layout_loops_ring, mainiacjoe_overflow_surrounded_room, uniq_robin
D:4:      layout_loops_ring, gammafunk_temple_overflow_claw,
          nicolae_wu_jian_wuxing_cycle, gup_sewer_entry_pipe
D:5:      layout_basic, kennysheep_little_box, nicolae_overflow_crystal_walls,
          nemelex_dance_club_becter, nicolae_overflow_hidden_temple, uniq_edmund

Skill      XL: |  1  2  3  4  5  6  7 |
---------------+----------------------+-----
Ranged Weapons | 3 4 5 6 7 |  7.5
Fighting       | 2 3 4 |  4.2
Armour         | 1 2 |  2.2
Invocations    | 1 |  1.0
Dodging        | |  1.5
Spellcasting   | |  1.0
Hexes          | |  2.6

Action                     |  1- 3 |  4- 6 |  7- 9 || total
---------------------------+-------+-------+-------++-------
   Fire: Sling             |   160 |   209 |   108 ||   477
 Invoke: Heroism           |       |       |     1 ||     1
    Use: Scroll            |     3 |     6 |     2 ||    11
         Potion            |       |     2 |       ||     2
 Armour: Robe              |    11 |       |       ||    11
         Leather armour    |    57 |    66 |    19 ||   142
         Ring mail         |       |       |    44 ||    44
  Dodge: Dodged            |    97 |    92 |    86 ||   275

Table legend:
 A = Non-vault XP
 B = Vault XP
 C = Vault XP percentage of total XP
 D = Non-vault monster count
 E = Vault monster count
 F = Vault count percentage of total count
                 A         B        C        D         E       F
            +---------+---------+-------+---------+---------+-------
      Total |     981 |     195 |  16.6 |      95 |      20 |  17.4
            +---------+---------+-------+---------+---------+-------
        D:1 |      32 |       0 |   0.0 |      19 |       0 |   0.0
        D:2 |     138 |       0 |   0.0 |      31 |       0 |   0.0
        D:3 |     135 |      29 |  17.7 |      15 |       8 |  34.8
        D:4 |     208 |      14 |   6.3 |      15 |       7 |  31.8
        D:5 |     468 |       2 |   0.4 |      15 |       1 |   6.2
      Sewer |       0 |     150 | 100.0 |       0 |       4 | 100.0
            +---------+---------+-------+---------+---------+-------
